 Dungeon Crawl Stone Soup version 0.29.0-3-gbb0933ed62 (webtiles) character file.

Game seed: 1519705903515859321

8313 Iusername the Protected (level 11, -3/94 HPs)
             Began as a Minotaur Fighter on Aug 25, 2022.
             Was a Priest of Dithmenos.
             Slain by a killer bee (6 damage)
             ... on level 11 of the Dungeon.
             The game lasted 00:30:45 (19173 turns).

Iusername the Protected (Minotaur Fighter)         Turns: 19173, Time: 00:30:46

Health: -3/94      AC: 21    Str: 20    XL:     11   Next: 8%
Magic:  10/10      EV:  8    Int: 11    God:    Dithmenos [***...]
Gold:   534        SH:  7    Dex: 20    Spells: 10/10 levels left

rFire   x . .      SeeInvis .   t - +9 dagger of Durable Action {freeze, rC+ Will+}
rCold   + . .      Faith    .   c - +0 buckler
rNeg    + . .      Spirit   .   q - +1 plate armour
rPois   +          Reflect  .   (helmet restricted)
rElec   .          Harm     .   a - +2 ratskin cloak {*Rats rPois rN+ Str-1 Int-1 Dex+1}
rCorr   .          Rampage  .   A - +0 pair of gloves
Will    +....      Rnd*Tele +   (no boots)
Stlth   ..........              (no amulet)
HPRegen 0.25/turn               C - +4 ring of slaying
MPRegen 0.12/turn               E - ring "Wuzaomn" {rPois rF- Int+3 Dex+9}

@: about to teleport, wreathed by umbra
A: horns 2, retaliatory headbutt, teleportitis 1
a: Renounce Religion, Shadow Step


You were on level 11 of the Dungeon.
You worshipped Dithmenos.
Dithmenos was most pleased with you.
You visited 2 branches of the dungeon, and saw 12 of its levels.

You collected 534 gold pieces.

Inventory:

Hand Weapons
 t - the +9 dagger of Durable Action (weapon) {freeze, rC+ Will+}
   (You found it on level 6 of the Dungeon)

   It freezes those it strikes, dealing additional cold damage.
   It can also slow down cold-blooded creatures.
   rC:        It protects you from cold.
   Will:      It increases your willpower.
Armour
 a - the +2 ratskin cloak (worn) {*Rats rPois rN+ Str-1 Int-1 Dex+1}
   (You found it on level 2 of the Dungeon)

   When the wearer is hurt, rats may emerge from it to assist them.
   Str:       It affects your strength (-1).
   Int:       It affects your intelligence (-1).
   Dex:       It affects your dexterity (+1).
   rPois:     It protects you from poison.
   rN:        It protects you from negative energy.
 c - a +0 buckler (worn)
 q - a +1 plate armour (worn)
 A - a +0 pair of gloves (worn)
Jewellery
 b - a +4 ring of evasion
 j - a ring of poison resistance
 n - a ring of protection from cold
 y - a ring of fire
 z - a ring of ice
 C - a +4 ring of slaying (left hand)
 E - the ring "Wuzaomn" (right hand) {rPois rF- Int+3 Dex+9}
   (You found it on level 8 of the Dungeon)

   [ring of poison resistance]

   Int:       It affects your intelligence (+3).
   Dex:       It affects your dexterity (+9).
   rF:        It makes you vulnerable to fire.
   rPois:     It protects you from poison.
Wands
 h - a wand of charming (13)
 k - a wand of mindburst (9)
 l - a wand of polymorph (3)
 s - a wand of roots (5)
 u - a wand of flame (49) (quivered)
Scrolls
 d - a scroll of magic mapping
 i - 3 scrolls of fog
 m - a scroll of silence
 o - 2 scrolls of fear
 p - 4 scrolls of poison
 D - a scroll of enchant weapon
 F - a scroll of identify
Potions
 f - a potion of experience {unknown}
 g - 4 potions of attraction
 r - a potion of berserk rage
 v - a potion of cancellation {unknown}
Miscellaneous
 e - a phial of floods
 G - a piece from Xom's chessboard (15/15)


   Skills:
 + Level 7.9 Fighting
 + Level 7.6(8.9) Short Blades
 + Level 7.6(9.3) Long Blades
 + Level 3.9 Polearms
 + Level 11.3 Armour
 + Level 4.5 Dodging
 + Level 2.3 Stealth
 + Level 9.3 Shields
 + Level 1.7 Evocations


You had 10 spell levels left.
You didn't know any spells.
Your spell library contained the following spells:

 Spells                   Type           Power      Damage    Failure   Level
 Apportation              Tloc           0%         N/A       100%        1
 Beastly Appendage        Tmut           0%         N/A       100%        1
 Necrotise                Necr           0%         1d4       100%        1
 Summon Small Mammal      Summ           0%         N/A       100%        1
 Wereblood                Tmut           0%         N/A       100%        2
 Spider Form              Tmut/Pois      0%         N/A       100%        3
 Corpse Rot               Necr/Pois/Air  0%         N/A       100%        4
 Dispel Undead            Necr           0%         3d6       100%        4
 Hailstorm                Conj/Ice       0%         3d3       100%        4
 Ice Form                 Ice/Tmut       0%         N/A       100%        4
 Alistair's Intoxication  Tmut/Pois      0%         N/A       100%        5
 Metabolic Englaciation   Hex/Ice        0%         N/A       100%        5
 Death Channel            Necr           0%         N/A       100%        6
 Simulacrum               Ice/Necr       0%         N/A       100%        6
 Ozocubu's Refrigeration  Ice            0%         4d7       100%        7


Dungeon Overview and Level Annotations

Branches:
Dungeon (11/15)            Temple (1/1) D:7            Lair (0/5) D:9
    Orc (0/2) D:11

Altars:
Dithmenos
Elyvilon
Fedhas
Gozag
Hepliaklqana
Kikubaaqudgha
Makhleb
Okawaru
Ru
Sif Muna
Trog
Wu Jian
Xom
Yredelemnul
Zin
The Shining One

Shops:
D:1 =   D:2 [   D:9 :   D:11 [


Innate Abilities, Weirdness & Mutations

You have a pair of horns on your head.
You reflexively headbutt those who attack you in melee.
You are occasionally teleported next to monsters.


Message History

The killer bee stings you but does no damage.
The skeletal warrior closely misses you.
You block something's attack. x2
You closely miss something.
Your hell rat bites the boulder beetle but does no damage.
You block the killer bee's attack.
The killer bee stings you but does no damage. x2
The boulder beetle closely misses your hell rat.
You puncture something! You freeze something. You headbutt something.
The killer bee closely misses you. The killer bee barely misses you.
You block the killer bee's attack.
The skeletal warrior hits you with a +0 flail!
* * * LOW HITPOINT WARNING * * *
The skeletal warrior hits you from afar with a +0 trident.
* * * LOW HITPOINT WARNING * * *
Something hits you.
* * * LOW HITPOINT WARNING * * *
Something bites you.
* * * LOW HITPOINT WARNING * * *
Something draws strength from your injuries!
Your hell rat bites the boulder beetle but does no damage.
As you read the scroll of teleportation, it crumbles to dust.
You feel strangely unstable.
The killer bee stings you but does no damage. x3
The boulder beetle bites your hell rat.
The killer bee stings you but does no damage.
You block the killer bee's attack. The killer bee stings you.
* * * LOW HITPOINT WARNING * * *
The skeletal warrior hits you but does no damage.
The skeletal warrior barely misses you.
Your hell rat bites the boulder beetle!
Something hits you.
* * * LOW HITPOINT WARNING * * *
Something bites you.
* * * LOW HITPOINT WARNING * * *
Something draws strength from your injuries!
It was a potion of mutation.
You feel extremely strange.
You feel weirdly uncertain. The killer bee barely misses you.
You block the killer bee's attack. The killer bee stings you.
You die... .>.∩.$.. ....$.. $o...# o.o.# #ozu# #.zz# # #zzy#

#. #.y@######.
#..#.y{..$....
#.r....#######
.[B#.#..# ##
#.#.<#
........#
####.#.## #.#.
# #.


You could see a boulder beetle (distracted, ally target), a red ugly thing, 5
skeletal warriors, 3 orc warriors, 3 killer bees, an orc and a friendly hell
rat.

Vanquished Creatures
  2 two-headed ogres
  Pikel (D:4)
  A wyvern (D:9)
  Sigmund (D:3)
  Eustachio (D:4)
  10 yaks (D:10)
  Menkaure (D:4)
  A water moccasin (D:6)
  2 sky beasts (D:8)
  7 orc warriors
  3 ice beasts (D:5)
  An ogre (D:4)
  2 centaurs
  Blork the orc (D:6)
  A kobold brigand (D:10)
  2 bullfrogs
  A gnoll sergeant (D:9)
  A necrophage (D:4)
  2 scorpions
  18 wights
  4 killer bees (D:9)
  8 howler monkeys
  2 hounds
  2 jellies
  8 orc priests
  A gnoll bouda (D:6)
  7 iguanas
  Jessica (D:3)
  7 orc wizards
  Robin (D:3)
  17 gnolls
  9 adders
  2 white imps
  A worm (D:5)
  4 dart slugs
  34 orcs
  5 endoplasms
  6 giant cockroaches
  13 goblins
  7 hobgoblins
  16 jackals
  5 quokkas
  9 ball pythons
  10 bats
  3 frilled lizards (D:1)
  12 kobolds
  2 rats
  A butterfly (D:10)
256 creatures vanquished.

Vanquished Creatures (collateral kills)
  A wight (D:8)
  A killer bee (D:9)
  An orc priest (D:8)
  A gnoll bouda (D:9)
  Terence (D:3)
  2 orc wizards
  An adder (D:2)
  2 gnolls (D:2)
  5 orcs
  2 goblins (D:2)
  A jackal (D:2)
18 creatures vanquished.

Vanquished Creatures (others)
  15 fungi (D:6)
15 creatures vanquished.

Grand Total: 289 creatures vanquished

Notes
Turn   | Place    | Note
-------+----------+-------------------------------------------
     0 | D:1      | Iusername the Minotaur Fighter began the quest for the Orb.
     0 | D:1      | Reached XP level 1. HP: 19/19 MP: 0/0
    35 | D:1      | Found Cuyzaed's Jewellery Boutique.
   714 | D:1      | Reached XP level 2. HP: 27/27 MP: 1/1
   835 | D:1      | Reached skill level 4 in Armour
   861 | D:1      | Reached XP level 3. HP: 19/33 MP: 2/2
  1853 | D:2      | Found the +2 ratskin cloak {*Rats rPois rN+ Str-1 Int-1
                  | Dex+1}
  1977 | D:2      | Found a faded altar of an unknown god.
  1988 | D:2      | Reached XP level 4. HP: 30/41 MP: 3/3
  1992 | D:2      | Reached skill level 1 in Dodging
  2461 | D:2      | Found Niqiczuu's Armour Shoppe.
  2516 | D:3      | Noticed Sigmund
  2522 | D:3      | Killed Sigmund
  2523 | D:3      | Reached skill level 1 in Long Blades
  2523 | D:3      | Reached skill level 5 in Armour
  2523 | D:3      | Reached XP level 5. HP: 35/47 MP: 4/4
  2529 | D:3      | Noticed Terence
  2535 | D:3      | Killed Terence
  2536 | D:3      | Reached XP level 6. HP: 25/53 MP: 5/5
  3068 | D:3      | Noticed Robin
  3079 | D:3      | Killed Robin
  3882 | D:3      | Noticed Jessica
  3887 | D:3      | Killed Jessica
  3946 | D:3      | Reached skill level 5 in Fighting
  4140 | D:4      | Reached skill level 6 in Armour
  4312 | D:4      | Reached XP level 7. HP: 22/61 MP: 6/6
  4319 | D:4      | Noticed Menkaure
  4320 | D:4      | Noticed Eustachio
  4335 | D:4      | HP: 3/61 [Eustachio/+0 falchion (9)]
  4340 | D:4      | Killed Eustachio
  4343 | D:4      | Killed Menkaure
  4344 | D:4      | Reached skill level 5 in Shields
  4773 | D:4      | Noticed Pikel
  4788 | D:4      | Killed Pikel
  4789 | D:4      | Reached skill level 7 in Armour
  4789 | D:4      | Reached skill level 1 in Stealth
  4789 | D:4      | Reached XP level 8. HP: 46/70 MP: 7/7
  5265 | D:5      | Entered Level 5 of the Dungeon
  7656 | D:5      | Got the Compendium of the Winter
  8087 | D:6      | Identified the +9 dagger of Durable Action {freeze, rC+
                  | Will+}
  8284 | D:6      | Found a sand-covered staircase.
  8315 | D:6      | Reached skill level 8 in Armour
  8320 | D:6      | Reached XP level 9. HP: 60/78 MP: 8/8
  8507 | D:6      | Found a basalt altar of Yredelemnul.
  8517 | D:6      | Noticed Blork the orc
  8529 | D:6      | Killed Blork the orc
  8530 | D:6      | Reached skill level 1 in Short Blades
  9519 | D:6      | Identified the +5 short sword of the Boiling Point {venom,
                  | Will+}
  9900 | D:7      | Found a staircase to the Ecumenical Temple.
  9910 | Temple   | Entered the Ecumenical Temple
 13812 | Temple   | Became a worshipper of Dithmenos the Shadowed
 13964 | D:7      | Reached skill level 9 in Armour
 14863 | D:8      | Reached * piety under Dithmenos
 14873 | D:8      | Found a flagged portal.
 14883 | D:8      | Identified the ring "Wuzaomn" {rPois rF- Int+3 Dex+9}
 15042 | D:8      | Reached skill level 10 in Armour
 15198 | D:8      | Reached XP level 10. HP: 52/84 MP: 9/9
 15803 | D:9      | Reached skill level 5 in Short Blades
 16708 | D:9      | Found an opulent altar of Gozag.
 16734 | D:9      | Noticed a two-headed ogre
 16741 | D:9      | Found a staircase to the Lair.
 16746 | D:9      | Found Okue's Book Shop.
 16756 | D:9      | Reached ** piety under Dithmenos
 16788 | D:10     | Entered Level 10 of the Dungeon
 16790 | D:10     | HP: 4/86 [kobold brigand/+0 short sword (4)]
 16806 | D:10     | HP: 6/129 [kobold/+0 whip (3)]
 17623 | D:9      | Killed a two-headed ogre
 18223 | D:10     | Reached skill level 11 in Armour
 18238 | D:10     | Reached skill level 1 in Evocations
 18246 | D:10     | Reached *** piety under Dithmenos
 18370 | D:10     | Found a shimmering altar of Xom.
 18379 | D:10     | Noticed a two-headed ogre
 18387 | D:10     | Killed a two-headed ogre
 18406 | D:10     | Reached XP level 11. HP: 54/94 MP: 10/10
 19149 | D:11     | Noticed a boulder beetle
 19159 | D:11     | Noticed a skeletal warrior
 19159 | D:11     | Noticed a skeletal warrior
 19159 | D:11     | Noticed a skeletal warrior
 19161 | D:11     | Noticed a skeletal warrior
 19162 | D:11     | Found Votynofu's Armour Shoppe.
 19162 | D:11     | Found a staircase to the Orcish Mines.
 19162 | D:11     | Noticed a red ugly thing
 19163 | D:11     | Noticed a skeletal warrior
 19172 | D:11     | HP: 3/94 [something (4)]
 19173 | D:11     | Gained mutation: You are occasionally teleported next to
                  | monsters. [potion of mutation]
 19173 | D:11     | Slain by a killer bee

Illustrated notes

Levels and vault maps discovered:
D:1:      evilmike_arrival_home_sweet_home, layout_loops_cross, serial_shops,
          nicolae_shop_stone
D:2:      layout_basic, serial_shops, nicolae_shop_behind_doors,
          shapermc_ecumenical_altar_acropolis
D:3:      layout_loops_ring, serial_park_tiny_1, uniq_robin, uniq_terence,
          uniq_sigmund, uniq_jessica
D:4:      layout_rooms, uniq_menkaure, uniq_eustachio, uniq_pikel
D:5:      layout_loops_ring
D:6:      layout_loops_ring, mainiacjoe_overflow_cross_hatched,
          lightli_ossuary_entry_decrepit_ruins,
          minmay_fractal_squares_gapless_5, uniq_blork_the_orc
D:7:      layout_loops_cross, minmay_temple_entry_trees
D:8:      layout_loops_cross, enter_bailey_8
D:9:      layout_basic, mainiacjoe_overflow_small_starburst, lair_entry_dummy,
          serial_shops, nicolae_shop_statue_plus
D:10:     layout_loops_ring, xom_butterflies
D:11:     layout_loops_ring, orc_david_3, gammafunk_ghost_spectres
Temple:   nicolae_temple_bog_church

Skill      XL: |  1  2  3  4  5  6  7  8  9 10 |
---------------+-------------------------------+-----
Fighting       | 4 5 6 7 |  7.9
Armour         | 4 5 6 7 8 10 11 | 11.3
Shields        | 4 5 6 7 9 |  9.3
Polearms       | 3 |  3.9
Dodging        | 1 3 4 |  4.5
Long Blades    | 1 3 6 7 |  7.6
Stealth        | 1 2 |  2.3
Short Blades   | 4 7 |  7.6
Evocations     | 1 |  1.7

Action                   |  1- 3 |  4- 6 |  7- 9 | 10-12 || total
-------------------------+-------+-------+-------+-------++-------
Melee: Trident           |    94 |       |       |       ||    94
       Headbutt          |    14 |    12 |    67 |    38 ||   131
       Falchion          |    20 |    90 |   100 |       ||   210
       Dagger            |       |       |   243 |   215 ||   458
Evoke: Wand              |       |       |       |    16 ||    16
  Use: Potion            |       |     3 |     4 |    10 ||    17
       Scroll            |       |     6 |     8 |     5 ||    19
 Stab: Distracted        |       |       |       |     1 ||     1
Armor: Scale mail        |    63 |    41 |    13 |       ||   117
       Plate armour      |       |       |   118 |   152 ||   270
       Skin              |       |       |       |    32 ||    32
Dodge: Dodged            |    62 |    52 |   128 |   144 ||   386
Block: Buckler           |    32 |    24 |    73 |   108 ||   237
